 Dungeon Crawl Stone Soup version 0.32-a0-132-g2d33c3c (webtiles) character file.

Game seed: 3376276757422601309

412 Dorkslayer the Shield-Bearer (level 6, -9/41 (43) HPs)
             Began as an Octopode Fighter on Feb 8, 2024.
             Killed by an exploding wight (36 damage)
             ... ignited by their inner flame
             ... in an ossuary.
             The game lasted 00:08:09 (3250 turns).

Dorkslayer the Shield-Bearer (Octopode Fighter)     Turns: 3250, Time: 00:08:10

HP:   -9/41 (43)    AC:  1    Str: 17    XL:     6   Next: 90%
MP:   6/6           EV: 13    Int: 10    God:
Gold: 223           SH:  5    Dex: 12    Spells: 5/5 levels left

rFire   . . .        e - +1 war axe
rCold   . . .        a - +0 buckler
rNeg    . . .        (helmet restricted)
rPois   .            (no amulet)
rElec   .            (no ring)
rCorr   .            (no ring)
SInv    .            (no ring)
Will    .....        (no ring)
Stlth   +++          (no ring)
HPRegen 0.26/turn    (no ring)
MPRegen 0.10/turn    (no ring)
                     (no ring)

%: no passive effects
@: lightly drained
A: almost no armour, amphibious, 8 rings, camouflage 1, gelatinous body 1,
(nimble swimmer 1), tentacles
a: no special abilities


You were in an ossuary.
You visited 1 branch of the dungeon, and saw 5 of its levels.
You also visited: Ossuary.

You collected 223 gold pieces.

Inventory:

Hand Weapons
 e - a +1 war axe (weapon)
Armour
 a - a +0 buckler (worn)
Wands
 h - a wand of flame (5)
 i - a wand of roots (13)
Scrolls
 c - a scroll of poison
 g - 2 scrolls of fear
 m - a scroll of immolation
Potions
 b - 2 potions of might
 d - a potion of heal wounds
 f - 3 potions of curing
 k - a potion of resistance
 l - 2 potions of brilliance
 n - a potion of lignification {unknown}


   Skills:
 + Level 3.7 Fighting
 * Level 3.9 Axes
 + Level 3.5 Dodging
 + Level 2.3 Stealth
 + Level 3.9 Shields
 * Level 3.1 Unarmed Combat
 * Level 1.9 Evocations


You had 5 spell levels left.
You didn't know any spells.
Your spell library contained the following spells:

 Spells                   Type           Power      Damage    Failure   Level
 Apportation              Tloc           0%         N/A       43%         1
 Necrotise                Necr           0%         1d4       43%         1
 Sting                    Conj/Alch      0%         1d3       43%         1
 Summon Small Mammal      Summ           0%         N/A       43%         1
 Volatile Blastmotes      Fire/Tloc      0%         2d10      82%         3
 Fulminant Prism          Conj/Alch      0%         3d5       99%         4
 Iskenderun's Mystic Bla  Conj/Tloc      0%         2d3       99%         4


Dungeon Overview and Level Annotations

Branches:
Dungeon (5/15)            Ossuary (1/1)
 Temple: D:4-7

Altars:
Trog
Wu Jian

Shops:
D:1 *[([


Innate Abilities, Weirdness & Mutations

You cannot wear most types of armour.
You are amphibious.
You can wear up to eight rings at the same time.
Your skin changes colour to match your surroundings (Stealth+).
Your rubbery body absorbs attacks. (AC +1, EV +1)
((You are camouflaged when in or above water. (Stealth+)))
You have tentacles for arms and can constrict up to eight enemies at once.


Message History

You destroy the gnoll skeleton!
There is a gate leading back out of this place here.
You open the door.
There is an open door here.
Found nine items.
Found an ancient bone altar of Kikubaaqudgha.
Okay, then.
As you open the door, it creaks loudly!
The burial acolyte shouts!
As you read the scroll labelled NEOSIF EGEXAM, it crumbles to dust.
The creatures around you are filled with an inner flame!
It was a scroll of immolation.
Okay, then.
As you read the scroll labelled AFEHOR TUBBU, it dissolves into smoke.
It was a scroll of fog.
The wight barely misses you. The wight closely misses you.
Aiming: Fastroot
Press: ? - help, Shift-Dir - straight line, f - wight
Aim: a wight, wielding a +0 battleaxe and wearing a +0 robe (grey smoke, inner flame)
The roots erupt in riotous growth!
Roots grab the wight. x2
The grasping roots constrict the wight.
Flame seeps out of the wight.
The grasping roots constrict the wight, but do no damage.
The wight struggles to escape constriction.
The wight hits you with a +0 flail!
The roots lose their grip on something.
The grasping roots constrict the wight!
Flame seeps out of the wight.
The roots release their grip on the wight.
The wight attacks as it pursues you! The wight hits you with a +0 flail!
You feel drained.
There is an open door, spattered with blood here.
Aiming: Fastroot
Press: ? - help, Shift-Dir - straight line, f/p - wight
Aim: a wight, wielding a +0 battleaxe and wearing a +0 robe (grey smoke, inner flame)
The roots erupt in riotous growth!
Roots grab the wight. x2
The grasping roots constrict the wight. x2; Flame seeps out of the wight.
The wight explodes!
The fiery explosion engulfs you!!!
Ouch! That really hurt!
You die...

######################
#.....................
#.∩...................
#.......###########...
#......##.........##..
#.....##...#####...##.
#....##§§.##...##...##
#....#§§§##.??!.##...#
#....@§p§§§??_!?.#...#
#....#§z§##.??..##...#
#....##§§§##.z.##...##
#.....##§§§#####...##.
#......##.........##..
#.......###########...
#.∩...................
#.....................
############'''#######


You could see a burial acolyte and a wight (inner flame, rooted).

Vanquished Creatures
  A scorpion (D:4)
  A wight (Ossuary)
  A bombardier beetle (D:4)
  2 orc priests (D:4)
  2 orc wizards
  A mummy (Ossuary)
  A howler monkey skeleton (D:5)
  4 gnolls
  5 adders
  An adder zombie (D:5)
  2 dart slugs
  9 orcs
  8 endoplasms
  7 hobgoblins
  9 jackals
  7 kobolds
  2 quokkas
  5 ball pythons
  4 bats (D:3)
  5 frilled lizards
  10 gnoll skeletons (Ossuary)
  3 goblins
  7 kobold skeletons (Ossuary)
  3 orc skeletons (Ossuary)
  2 rats (D:1)
102 creatures vanquished.

Notes
Turn   | Place    | Note
-------+----------+-------------------------------------------
     0 | D:1      | Dorkslayer the Octopode Fighter began the quest for the
                  | Orb.
     0 | D:1      | Reached XP level 1. HP: 16/16 MP: 1/1
    46 | D:1      | Found Eholl's Antique Weapon Shop.
    71 | D:1      | Reached XP level 2. HP: 21/21 MP: 2/2
   263 | D:1      | Found Ititur's General Store.
   273 | D:1      | Reached XP level 3. HP: 24/26 MP: 3/3
   317 | D:1      | Found Woghulim's Antique Armour Shop.
   326 | D:1      | Found Nasit's Antique Armour Boutique.
   939 | D:2      | Found a faded altar of an unknown god.
  1369 | D:3      | Reached XP level 4. HP: 28/31 MP: 4/4
  1394 | D:3      | Reached skill level 1 in Axes
  1563 | D:3      | Reached skill level 1 in Evocations
  1602 | D:3      | Reached XP level 5. HP: 36/36 MP: 5/5
  2141 | D:4      | Reached skill level 1 in Stealth
  2200 | D:4      | Reached XP level 6. HP: 22/42 MP: 6/6
  2312 | D:4      | Found an ornate altar of the Wu Jian Council.
  2951 | D:4      | Found a bloodstained altar of Trog.
  3013 | D:5      | Entered Level 5 of the Dungeon
  3019 | D:5      | Found a sand-covered staircase.
  3031 | Ossuary  | Entered an ossuary
  3219 | Ossuary  | Found an ancient bone altar of Kikubaaqudgha.
  3250 | Ossuary  | Killed by an exploding wight... ignited by their inner
                  | flame

Illustrated notes

Levels and vault maps discovered:
D:1:      psy_arrival_conway, layout_basic, serial_shops, shop, shop, shop, shop
D:2:      layout_loops_ring, dreamdust_ecumenical_altar_hidden_monk_grotto
D:3:      layout_loops_ring, chequers_serial_rivers_micro_d,
          minmay_fractal_squares_diagonal_5
D:4:      layout_loops_ring, trog_book, mainiacjoe_overflow_24_doors
D:5:      layout_basic, jmf_multi_god_temple, minmay_temple_entry_junction_2,
          mainiacjoe_ossuary_entry_find_the_door, serial_shops,
          nicolae_shop_tiny_glass
Ossuary:  ossuary_due_mausoleum

Skill      XL: |  1  2  3  4  5  6 |
---------------+-------------------+-----
Axes           | 2 3 |  3.9
Evocations     | 1 |  1.9
Stealth        | 1 2 |  2.3
Unarmed Combat | 3 |  3.1
Fighting       | |  3.7
Dodging        | |  3.5
Shields        | |  3.9

Action                     |  1- 3 |  4- 6 || total
---------------------------+-------+-------++-------
  Melee: Unarmed           |    31 |       ||    31
         Constrict         |    17 |    32 ||    49
         Tentacles         |    13 |    22 ||    35
         Punch             |     3 |     4 ||     7
         War axe           |    29 |   109 ||   138
  Evoke: Wand              |       |     2 ||     2
    Use: Scroll            |       |    12 ||    12
   Stab: Sleeping          |     2 |    11 ||    13
 Armour: Skin              |    30 |    49 ||    79
  Dodge: Dodged            |    33 |    55 ||    88
  Block: Buckler           |    11 |    25 ||    36

Table legend: (Time is in decaauts)
 A = Elapsed time spent in this place.
 B = Non-inter-level travel time spent in this place.
 C = Inter-level travel time spent in this place.
 D = Time resting spent in this place.
 E = Time spent auto-exploring this place.
 F = Levels seen in this place.
 G = Mean time per level.
                   A        B        C        D        E       F      G
               +--------+--------+--------+--------+--------+-----+--------+
         Total |   3308 |   3308 |      0 |     33 |   1812 |   6 |  551.3 |
       Dungeon |   3080 |   3080 |      0 |      0 |   1812 |   5 |  616.0 |
       Ossuary |    228 |    228 |      0 |     33 |      0 |   1 |  228.0 |
               +--------+--------+--------+--------+--------+-----+--------+

Top non-repeatable levels by time:
     D:4: 970 daAuts
     D:3: 758 daAuts
     D:2: 678 daAuts
     D:1: 653 daAuts
 Ossuary: 228 daAuts
     D:5: 19 daAuts
